 Dungeon Crawl Stone Soup version 0.29-a0-845-g6161e89988 (webtiles) character file.

Game seed: 13326358040097915493

75 zeratav the Stinger (level 4, -8/27 HPs)
             Began as an Octopode Venom Mage on July 16, 2022.
             Killed from afar by Terence (12 damage)
             ... with a puff of flame
             ... on level 2 of the Dungeon.
             The game lasted 00:05:33 (1833 turns).

zeratav the Stinger (Octopode Venom Mage)           Turns: 1833, Time: 00:05:34

Health: -8/27      AC:  1    Str: 13    XL:     4   Next: 31%
Magic:  0/7        EV: 13    Int: 19    God:
Gold:   68         SH:  0    Dex: 12    Spells: 4/7 levels left

rFire   . . .      SeeInvis .   b - +0 dagger {short}
rCold   . . .      Faith    .   (no shield)
rNeg    . . .      Spirit   .   (helmet restricted)
rPois   .          Reflect  .   (no amulet)
rElec   .          Harm     .   e - +6 ring of strength
rCorr   .          Rampage  .   (no ring)
Will    .....                   (no ring)
Stlth   ++++......              (no ring)
HPRegen 0.09/turn               (no ring)
MPRegen 0.10/turn               (no ring)
                                (no ring)
                                (no ring)

@: no status effects
A: almost no armour, amphibious, 8 rings, camouflage 1, gelatinous body 1,
(nimble swimmer 1), tentacles
a: no special abilities


You were on level 2 of the Dungeon.
You visited 1 branch of the dungeon, and saw 2 of its levels.

You collected 68 gold pieces.


Innate Abilities, Weirdness & Mutations

You cannot wear most types of armour.
You are amphibious.
You can wear up to eight rings at the same time.
Your skin changes colour to match your surroundings (Stealth+).
Your rubbery body absorbs attacks. (AC +1, EV +1)
((You are camouflaged when in or above water. (Stealth+)))
You have tentacles for arms and can constrict up to eight enemies at once.


   Skills:
 - Level 2.0 Dodging
 + Level 4.8 Stealth
 - Level 2.0 Spellcasting
 - Level 1.0 Transmutations
 + Level 5.0 Poison Magic


You had 4 spell levels left.
You knew the following spells:

 Your Spells              Type           Power      Damage    Failure   Level
a - Sting                 Tmut/Pois      52%        1d5       4%          1
b - Poisonous Vapours     Pois/Air       22%        N/A       9%          2

Your spell library contained the following spells:

 Spells                   Type           Power      Damage    Failure   Level
 Ignite Poison            Fire/Tmut/Pois 9%         N/A       22%         3
 Olgreb's Toxic Radiance  Pois           20%        N/A       22%         4
 Mephitic Cloud           Conj/Pois/Air  8%         N/A       26%         3
 Conjure Flame            Conj/Fire      1%         6-21      45%         3
 Sticky Flame             Conj/Fire      1%         2d3       86%         4

Inventory:

Hand Weapons
 b - a +0 dagger (weapon) {short}
   (You took it off a goblin on level 1 of the Dungeon)
Jewellery
 e - a +6 ring of strength (left tentacle)
   (You found it on level 1 of the Dungeon)
Scrolls
 d - a scroll of fear {unknown}
 g - 2 scrolls of teleportation {unknown}
 h - a scroll of acquirement {unknown}
 i - a scroll of vulnerability {unknown}
Potions
 a - a potion of magic
 c - a potion of brilliance {unknown}
 f - a potion of berserk rage {unknown}
 j - 2 potions of curing {unknown}

Dungeon Overview and Level Annotations

Branches:
Dungeon (2/15) Zot: 10167

Altars:

Annotations:
D:2 Sigmund, Terence

##################
##......##.........
#........#.#######.
#..####..#.##### #.
#..##..........# #.
#†.##.#..#.###.###.
########..##.#..#.........
#
#..@............#####.#>..
#.#.######.@......# #.....
#.#.#######.##.#### #####.
#.....@.# #.##.# ### #.
###.###.# #.## . ..# #.
#.###.###.# # #.# ##'
#....@....# #.# ##..
#####.##### ###<# ##...
#B# ##.#.# ##.... #.#
#####....###)....


You could see Terence (very poisoned).


Message History

Confirm with . or Enter, or press ? or * to list all spells.
Aiming: Poisonous Vapours (safe; 10% risk of failure)
Press: ? - help, Dir - move target, f - adder
Aim: an adder (asleep) Poisonous vapours surround the adder!
The adder is poisoned.
MP[-2]
You lost 2 mp, and now have 5/7 mp.
Casting: Poisonous Vapours (safe; 10% risk of failure)
Confirm with . or Enter, or press ? or * to list all spells.
Aiming: Poisonous Vapours (safe; 10% risk of failure)
Press: ? - help, Dir - move target, f/p - adder
Aim: an adder (lightly wounded, poisoned) Poisonous vapours surround the adder!
The adder looks even sicker.
MP[-2]
You lost 2 mp, and now have 3/7 mp.
Casting: Poisonous Vapours (safe; 10% risk of failure)
Confirm with . or Enter, or press ? or * to list all spells.
You can't see any susceptible monsters within range! (Use Z to cast anyway.) Unknown command.
Casting: Poisonous Vapours (safe; 10% risk of failure)
Confirm with . or Enter, or press ? or * to list all spells.
Aiming: Sting (safe; 4% risk of failure)
Press: ? - help, Shift-Dir - straight line, f/p - adder
Aim: an adder (moderately wounded, very poisoned, 53% to hit)
The sting hits the adder.
The adder looks even sicker.
MP[-1]
You lost 1 mp, and now have 2/7 mp.
Casting: Sting (safe; 4% risk of failure)
Confirm with . or Enter, or press ? or * to list all spells.
Aiming: Sting (safe; 4% risk of failure)
Press: ? - help, Shift-Dir - straight line, f/p - adder
Aim: an adder (severely wounded, very poisoned, 53% to hit)
The sting hits the adder.
The adder looks as sick as possible!
MP[-1]
You lost 1 mp, and now have 1/7 mp.
You hit the adder.
You kill the adder!
Your Poison Magic skill increases to level 5!
You start resting.
MP[+6]
Your mp is fully restored (7).
You see here an adder corpse.
You now have 68 gold pieces (gained 17).
Terence the Incautious comes into view.
He is wielding a +0 flail and carrying a wand of flame (21).
Terence shouts!
A giant cockroach comes into view.
Casting: Sting (safe; 4% risk of failure)
Confirm with . or Enter, or press ? or * to list all spells.
Aiming: Poisonous Vapours (safe; 9% risk of failure)
Press: ? - help, Dir - move target, f - Terence
Aim: Terence, wielding a +0 flail, wearing a +0 chain mail and carrying a wand of flame (21) Poisonous vapours surround Terence!
Terence is poisoned.
MP[-2]
You lost 2 mp, and now have 5/7 mp.
Casting: Poisonous Vapours (safe; 9% risk of failure)
Confirm with . or Enter, or press ? or * to list all spells.
Aiming: Poisonous Vapours (safe; 9% risk of failure)
Press: ? - help, Dir - move target, f/p - Terence
Aim: Terence, wielding a +0 flail, wearing a +0 chain mail and carrying a wand of flame (21) (lightly wounded, poisoned) Poisonous vapours surround Terence!
Terence looks even sicker.
MP[-2]
You lost 2 mp, and now have 3/7 mp.
Terence zaps a wand.
The puff of flame misses you.
Casting: Poisonous Vapours (safe; 9% risk of failure)
Confirm with . or Enter, or press ? or * to list all spells.
Aiming: Poisonous Vapours (safe; 9% risk of failure)
Press: ? - help, Dir - move target, f/p - Terence
Aim: Terence, wielding a +0 flail, wearing a +0 chain mail and carrying a wand of flame (20) (lightly wounded, poisoned) Poisonous vapours surround Terence!
Terence looks even sicker.
MP[-2]
You lost 2 mp, and now have 1/7 mp.
MP[+1] Terence zaps a wand.
The puff of flame hits you.
HP[-5]
You take 5 damage, and now have 22/27 hp.
Casting: Poisonous Vapours (safe; 9% risk of failure)
Confirm with . or Enter, or press ? or * to list all spells.
Aiming: Poisonous Vapours (safe; 9% risk of failure)
Press: ? - help, Dir - move target, f/p - Terence
Aim: Terence, wielding a +0 flail, wearing a +0 chain mail and carrying a wand of flame (19) (moderately wounded, poisoned) Poisonous vapours surround Terence!
Terence looks even sicker.
MP[-2]
You lost 2 mp, and now have 0/7 mp.
Terence zaps a wand.
The puff of flame hits you!
* * * LOW HITPOINT WARNING * * *
HP[-11]
You take 11 damage, and now have 11/27 hp.
MASSIVE DAMAGE!! (PAUSE) Terence zaps a wand.
The puff of flame hits you!
* * * LOW HITPOINT WARNING * * *
HP[-7]
You take 7 damage, and now have 4/27 hp.
MASSIVE DAMAGE!! (PAUSE) Terence zaps a wand.
The puff of flame hits you!
You die...

Skill      XL: |  1  2  3  4 |
---------------+-------------+-----
Stealth        | 3 4 |  4.8
Poison Magic   | 4 5 |  5.0
Dodging        | |  2.0
Spellcasting   | |  2.0
Transmutations | |  1.0

Action                   |  1- 3 |  4- 6 || total
-------------------------+-------+-------++-------
Melee: Dagger            |    32 |     4 ||    36
       Constrict         |    13 |       ||    13
       Tentacles         |     6 |       ||     6
 Cast: Sting             |    32 |     8 ||    40
       Poisonous Vapours |     4 |     9 ||    13
 Stab: Sleeping          |     1 |       ||     1
Armor: Skin              |     3 |       ||     3
Dodge: Dodged            |    19 |     2 ||    21

Levels and vault maps discovered:
D:1:      ebering_trefoil_twist, layout_rooms,
          hellmonk_ecumenical_altar_run_dry, hex_intersection
D:2:      layout_loops_corners, chequers_serial_rivers_micro_a,
          kennysheep_pointless_box, uniq_terence, uniq_robin, uniq_sigmund

Notes
Turn   | Place    | Note
-------+----------+-------------------------------------------
     0 | D:1      | zeratav the Octopode Venom Mage began the quest for the
                  | Orb.
     0 | D:1      | Reached XP level 1. HP: 11/11 MP: 3/3
     0 | D:1      | magus.rc [v1.9.6]
   139 | D:1      | Reached skill level 3 in Stealth
   189 | D:1      | Reached skill level 4 in Poison Magic
   189 | D:1      | Reached XP level 2. HP: 16/17 MP: 3/5
   546 | D:1      | You add the spells Conjure Flame, Ignite Poison and Sticky
                  | Flame to your library.
   601 | D:1      | Found a faded altar of an unknown god.
   658 | D:1      | Learned a level 2 spell: Poisonous Vapours
   668 | D:1      | Reached XP level 3. HP: 21/21 MP: 2/6
   923 | D:1      | Reached skill level 4 in Stealth
  1173 | D:2      | Noticed Robin
  1184 | D:2      | Killed Robin
  1205 | D:2      | Reached XP level 4. HP: 18/27 MP: 2/7
  1636 | D:2      | Noticed Sigmund
  1742 | D:2      | Reached skill level 5 in Poison Magic
  1814 | D:2      | Noticed Terence
  1831 | D:2      | HP: 4/27 [Terence/puff of flame (7)]
  1833 | D:2      | Killed from afar by Terence

Vanquished Creatures
  Robin (D:2)
  2 adders (D:2)
  A worm (D:2)
  A dart slug (D:2)
  2 bats
  An endoplasm (D:1)
  4 giant cockroaches
  8 goblins
  4 hobgoblins
  2 jackals (D:1)
  2 quokkas (D:1)
  A ball python (D:1)
  2 frilled lizards (D:1)
  3 kobolds (D:1)
  5 rats
39 creatures vanquished.

Table legend:
 A = Non-vault XP
 B = Vault XP
 C = Vault XP percentage of total XP
 D = Non-vault monster count
 E = Vault monster count
 F = Vault count percentage of total count
                 A         B        C        D         E       F
            +---------+---------+-------+---------+---------+-------
      Total |      82 |      26 |  24.1 |      32 |       7 |  17.9
            +---------+---------+-------+---------+---------+-------
        D:1 |      39 |       0 |   0.0 |      24 |       0 |   0.0
        D:2 |      43 |      26 |  37.7 |       8 |       7 |  46.7
            +---------+---------+-------+---------+---------+-------

Illustrated notes

Table legend:
 A = Kills in this place as a percentage of kills in entire the game.
 B = Kills by you in this place as a percentage of kills by you in the entire game.
 C = Kills by friends in this place as a percentage of kills by friends in the entire game.
 D = Other kills in this place as a percentage of other kills in the entire game.
 E = Experience gained in this place as a percentage of experience gained in the entire game.
 F = Experience gained in this place divided by the number of levels of this place that you have seen.
                   A       B       C       D       E      F
               +-------+-------+-------+-------+-------+----------------------
         Total | 100.0 | 100.0 |   N/A |   N/A | 100.0 |  54.0
       Dungeon | 100.0 | 100.0 |   N/A |   N/A | 100.0 |  54.0
               +-------+-------+-------+-------+-------+----------------------

Table legend: (Time is in decaauts)
 A = Elapsed time spent in this place.
 B = Non-inter-level travel time spent in this place.
 C = Inter-level travel time spent in this place.
 D = Time resting spent in this place.
 E = Time spent auto-exploring this place.
 F = Levels seen in this place.
 G = Mean time per level.
                   A        B        C        D        E       F      G
               +--------+--------+--------+--------+--------+-----+--------+
         Total |   1831 |   1790 |     41 |    674 |    688 |   2 |  915.5 |
       Dungeon |   1831 |   1790 |     41 |    674 |    688 |   2 |  915.5 |
               +--------+--------+--------+--------+--------+-----+--------+

Top non-repeatable levels by time:
     D:1: 963 daAuts
     D:2: 868 daAuts
